 Dungeon Crawl Stone Soup version 0.30.1-3-gfc49f6343a (webtiles) character file.

Game seed: 9381784095182110685

678 spardeous the Magician (level 7, -20/50 HPs)
             Began as a Demigod Earth Elementalist on July 23, 2023.
             Demolished by a two-headed ogre
             ... wielding a +0 giant spiked club
              (32 damage)
             ... on level 5 of the Dungeon.
             The game lasted 00:07:47 (4422 turns).

spardeous the Magician (Demigod Earth Elementalist) Turns: 4422, Time: 00:07:47

Health: -20/50     AC:  4    Str: 15    XL:     7   Next: 11%
Magic:  13/19      EV: 11    Int: 25    God:
Gold:   187        SH:  0    Dex: 14    Spells: 13/17 levels left

rFire   + . .        e - staff of earth
rCold   . . .        (no shield)
rNeg    . . .        k - +0 leather armour
rPois   .            (no helmet)
rElec   .            (no cloak)
rCorr   .            E - +0 pair of gloves
SInv    .            (no boots)
Will    .....        (no amulet)
Stlth   ++           r - ring of protection from fire
HPRegen 0.28/turn    B - +6 ring of strength
MPRegen 0.16/turn

%: no passive effects
@: no status effects
A: high MP 1, forlorn, divine attributes
a: no special abilities


You were on level 5 of the Dungeon.
You visited 1 branch of the dungeon, and saw 6 of its levels.

You collected 187 gold pieces.

Inventory:

Missiles
 q - 2 throwing nets
Armour
 a - a +0 robe
 k - a +0 leather armour (worn)
 l - the +0 scale mail of a bazaar {*Corrode Regen+ Str+5 Stlth+}
   (You found it on level 2 of the Dungeon)

   Str:       It affects your strength (+5).
   Regen:     It increases your rate of health regeneration.
   *Corrode:  It may corrode you when you take damage.
   Stlth:     It makes you more stealthy.
 E - a +0 pair of gloves (worn)
Magical Staves
 e - a staff of earth (weapon)
Jewellery
 r - a ring of protection from fire (left hand)
 w - a ring of ice
 B - a +6 ring of strength (right hand)
 C - a ring of ice
Wands
 p - a wand of polymorph (3)
Scrolls
 c - 2 scrolls of enchant weapon
 d - a scroll of summoning {unknown}
 f - a scroll of acquirement {unknown}
 g - 2 scrolls of identify
 h - 3 scrolls of blinking {unknown}
 i - a scroll of immolation {unknown}
 j - 4 scrolls of amnesia {unknown}
 x - a scroll of vulnerability
 y - a scroll of teleportation
 z - a scroll of enchant armour
Potions
 b - a potion of magic
 m - a potion of invisibility {unknown}
 n - 2 potions of flight
 o - a potion of haste
 s - 2 potions of cancellation {unknown}
 t - a potion of mutation {unknown}
 u - a potion of berserk rage
 v - a potion of curing
 A - a potion of degeneration {unknown}
 D - a potion of heal wounds


   Skills:
 - Level 1.7 Dodging
 - Level 1.7 Stealth
 + Level 5.7 Spellcasting
 - Level 0.8 Transmutations
 - Level 5.0 Earth Magic


You had 13 spell levels left.
You knew the following spells:

 Your Spells              Type           Power      Damage    Failure   Level
a - Sandblast             Erth           96%        2d20      1%          1
b - Stone Arrow           Conj/Erth      58%        3d10      10%         3

Your spell library contained the following spells:

 Spells                   Type           Power      Damage    Failure   Level
 Passwall                 Tmut/Erth      27%        N/A       4%          2
 Petrify                  Tmut/Erth      33%        N/A       28%         4


Dungeon Overview and Level Annotations

Branches:
Dungeon (6/15)             Temple (0/1) D:4

Shops:
D:3 (([!(   D:4 *


Innate Abilities, Weirdness & Mutations

You have an increased reservoir of magic. (+10% MP)
You shall have no god before yourself.
Your divine heritage dramatically boosts your attributes as you level up.


Message History

Confirm with . or Enter, or press ? or * to list all spells.
Aiming: Sandblast (safe; 1% risk of failure)
Press: ? - help, Shift-Dir - straight line, f - two-headed ogre
Aim: a two-headed ogre, wielding a +0 giant spiked club and a +0 giant club (93% to hit)
You feel a surge of power!
The blast of sand hits the two-headed ogre!
The two-headed ogre is moderately wounded.
You now have 18/19 mp.
Casting: Sandblast (safe; 1% risk of failure)
Confirm with . or Enter, or press ? or * to list all spells.
Aiming: Sandblast (safe; 1% risk of failure)
Press: ? - help, Shift-Dir - straight line, f/p - two-headed ogre
Aim: a two-headed ogre, wielding a +0 giant spiked club and a +0 giant club (moderately wounded, 93% to hit)
You feel a surge of power!
The blast of sand hits the two-headed ogre!
The two-headed ogre is heavily wounded.
You now have 17/19 mp.
Casting: Sandblast (safe; 1% risk of failure)
Confirm with . or Enter, or press ? or * to list all spells.
Aiming: Sandblast (safe; 1% risk of failure)
Press: ? - help, Shift-Dir - straight line, f/p - two-headed ogre
Aim: a two-headed ogre, wielding a +0 giant spiked club and a +0 giant club (moderately wounded, 93% to hit)
You feel a surge of power!
The blast of sand hits the two-headed ogre.
The two-headed ogre is heavily wounded.
The two-headed ogre hits you with a +0 giant spiked club!!
The two-headed ogre hits you with a +0 giant club!
* * * LOW HITPOINT WARNING * * *
You take 38 damage, and have 12/50 hp.
MASSIVE DAMAGE!!
You now have 16/19 mp.
Casting: Sandblast (safe; 1% risk of failure)
Confirm with . or Enter, or press ? or * to list all spells.
Aiming: Stone Arrow (dangerous; 10% risk of failure)
Press: ? - help, Shift-Dir - straight line, f/p - two-headed ogre
Aim: a two-headed ogre, wielding a +0 giant spiked club and a +0 giant club (heavily wounded, 86% to hit)
You feel a surge of power!
The stone arrow hits the two-headed ogre!
The two-headed ogre is severely wounded.
The two-headed ogre hits you with a +0 giant spiked club!!
Ouch! That really hurt!
You die...

.# .## #####
..#####...##
.......###.##
..###.## ##.####
.## #.# #....###
.####.# #......#
.#..... #.#.###.#
.#.#### .....# #@#
.#.#########.###O#
.........###.....#
.#.#.##...####....
..............##..
.###.##...###.###.#
.# #.......##.# /#
.###.##....##.# .#
.....##....##.###.#


You could see a two-headed ogre.

Vanquished Creatures
  Menkaure (D:4)
  A phantom (D:4)
  3 hounds
  A gnoll bouda (D:4)
  2 iguanas (D:5)
  3 sleepcaps
  Terence (D:3)
  3 gnolls (D:4)
  9 adders
  A white imp (D:5)
  An ufetubus (D:5)
  2 dart slugs (D:1)
  2 orcs
  2 bats
  4 bat zombies (D:3)
  9 endoplasms
  5 giant cockroaches
  8 goblins
  11 hobgoblins
  A jackal (D:4)
  7 quokkas
  6 ball pythons
  5 frilled lizards
  6 kobolds
  3 rats (D:1)
  A rat zombie (D:3)
98 creatures vanquished.

Notes
Turn   | Place    | Note
-------+----------+-------------------------------------------
     0 | D:1      | spardeous the Demigod Earth Elementalist began the quest
                  | for the Orb.
     0 | D:1      | Reached XP level 1. HP: 14/14 MP: 5/5
   217 | D:1      | Reached XP level 2. HP: 18/20 MP: 0/7
   889 | D:2      | Identified the +0 scale mail of a bazaar {*Corrode Regen+
                  | Str+5 Stlth+}
  1065 | D:2      | Reached XP level 3. HP: 26/26 MP: 6/8
  1069 | D:2      | Learned a level 3 spell: Stone Arrow
  1946 | D:3      | Found Leps's Weapon Shoppe.
  1954 | D:3      | Noticed Terence
  2007 | D:3      | Killed Terence
  2008 | D:3      | Reached XP level 4. HP: 16/33 MP: 2/9
  2142 | D:3      | Reached skill level 5 in Earth Magic
  2168 | D:3      | Found Ekepn's Weapon Boutique.
  2314 | D:3      | Found Dusuid's Antique Armour Boutique.
  2505 | D:3      | Found Plog's Distillery.
  2650 | D:3      | Found Zaiquybo's Antique Weapon Shop.
  2779 | D:4      | Noticed Menkaure
  2781 | D:4      | Reached XP level 5. HP: 38/38 MP: 8/12
  2854 | D:4      | Killed Menkaure
  2931 | D:4      | Reached XP level 6. HP: 45/45 MP: 13/15
  3281 | D:4      | Reached skill level 5 in Spellcasting
  3307 | D:4      | Found Cappymiryt's Gadget Gallery.
  3412 | D:4      | Found a staircase to the Ecumenical Temple.
  3926 | D:5      | Entered Level 5 of the Dungeon
  3943 | D:5      | You fall into a shaft and drop 1 floor!
  4086 | D:5      | Reached XP level 7. HP: 50/50 MP: 15/18
  4416 | D:5      | Noticed a two-headed ogre
  4422 | D:5      | Demolished by a two-headed ogre

Illustrated notes

Levels and vault maps discovered:
D:1:      minmay_arrival_checkered_box, layout_loops_ring,
          ebering_ecumenical_altar_abandoned
D:2:      layout_loops_corners, minmay_split_cup_small
D:3:      layout_basic, lemuel_zombie_altar_kikubaaqudgha, serial_shops, shop,
          nicolae_shop_rolling_square, shop, nicolae_shop_industrial_runoff,
          nicolae_shop_tiny_glass, uniq_terence
D:4:      minmay_angry_zag, layout_loops_corners,
          mainiacjoe_overflow_large_starburst, minmay_temple_entry_waves,
          nicolae_shop_gadgets, uniq_menkaure
D:5:      layout_loops_ring, grunt_dithmenos_smoke_and_mirrors,
          mainiacjoe_overflow_cross_hatched
D:6:      layout_basic, roderic_batcave, uniq_duvessa

Skill      XL: |  1  2  3  4  5  6 |
---------------+-------------------+-----
Earth Magic    | 3 4 5 |  5.0
Spellcasting   | 2 3 5 |  5.7
Dodging        | |  1.7
Stealth        | |  1.7
Transmutations | |  0.8

Action                     |  1- 3 |  4- 6 |  7- 9 || total
---------------------------+-------+-------+-------++-------
  Melee: Unarmed           |    13 |       |       ||    13
         Staff             |     2 |       |       ||     2
   Cast: Sandblast         |    65 |    58 |     6 ||   129
         Stone Arrow       |       |       |     1 ||     1
    Use: Scroll            |     1 |     7 |       ||     8
         Potion            |     1 |       |       ||     1
 Armour: Robe              |     6 |       |       ||     6
         Leather armour    |    31 |     9 |       ||    40
         Skin              |     8 |       |       ||     8
  Dodge: Dodged            |    83 |    18 |     1 ||   102
